 Dungeon Crawl Stone Soup version 0.27.1-33-g824d729ab1 (webtiles) character file.

Game seed: 5937598470075495236

1736 comborobin the Slicer (level 9, -3/61 HPs)
             Began as an Octopode Brigand on Dec 29, 2021.
             Slain by a killer bee (7 damage)
             ... on level 7 of the Dungeon.
             The game lasted 00:07:28 (6019 turns).

comborobin the Slicer (Octopode Brigand)            Turns: 6019, Time: 00:07:30

Health: -3/61      AC:  1    Str: 11    XL:     9   Next: 5%
Magic:  18/18      EV: 14    Int: 16    God:
Gold:   298        SH:  0    Dex: 13    Spells: 8/8 levels left

rFire    . . .     SeeInvis .   a - +5 short sword (vamp)
rCold    . . .     Faith    .   (no shield)
rNeg     . . .     Spirit   .   (helmet restricted)
rPois    .         Reflect  .   (no amulet)
rElec    .         Harm     .   i - ring of magical power
rCorr    .         Rampage  .   (no ring)
Will     .....                  (no ring)
Stlth    +++++.....             (no ring)
HPRegen  0.20/turn              (no ring)
MPRegen  0.16/turn              (no ring)
                                (no ring)
                                (no ring)

@: no status effects
A: almost no armour, amphibious, 8 rings, camouflage 1, gelatinous body 1,
(nimble swimmer 1), tentacles
a: no special abilities


You were on level 7 of the Dungeon.
You visited 1 branch of the dungeon, and saw 7 of its levels.

You collected 340 gold pieces.
You spent 42 gold pieces at shops.

Inventory:

Hand Weapons
 a - a +5 vampiric short sword (weapon)
 e - a +2 dagger
Missiles
 b - 10 poisoned darts (quivered)
Armour
 h - a +0 buckler
Jewellery
 i - a ring of magical power (left tentacle)
Wands
 s - a wand of digging (4)
Scrolls
 f - 2 scrolls of holy word
 o - a scroll of enchant armour
 p - a scroll of silence


   Skills:
 - Level 5.0 Fighting
 + Level 8.2 Short Blades
 - Level 2.0 Throwing
 - Level 5.0 Dodging
 - Level 8.0 Stealth


You had 8 spell levels left.
You didn't know any spells.
Your spell library contained the following spells:

 Spells                   Type           Power      Damage    Failure   Level
 Freeze                   Ice            0%         1d3       26%         1
 Passwall                 Tmut/Erth      0%         N/A       36%         2
 Frozen Ramparts          Ice            0%         1d2       58%         3
 Swiftness                Air            0%         N/A       58%         3
 Hailstorm                Conj/Ice       0%         3d3       94%         4
 Invisibility             Hex            0%         N/A       100%        6


Dungeon Overview and Level Annotations

Branches:
Dungeon (7/15)
 Temple: D:4-7

Altars:
Qazlal

Shops:
D:2 [   D:4 !*[


Innate Abilities, Weirdness & Mutations

You cannot wear most types of armour.
You are amphibious.
You can wear up to eight rings at the same time.
Your skin changes colour to match your surroundings (Stealth+).
Your rubbery body absorbs attacks. (AC +1, EV +1)
((You are camouflaged near water. (Stealth+)))
You have tentacles for arms and can constrict up to eight enemies at once.


Message History

You constrict the killer bee. The killer bee stings you!
* * * LOW HITPOINT WARNING * * *
You completely miss the killer bee.
The killer bee is severely wounded.
You constrict the killer bee.
You feel sick. The killer bee stings you!
* * * LOW HITPOINT WARNING * * *
The killer bee closely misses you.
Unknown command.
Throw: 11 darts (poison)
Press: ? - help, Q - select action Shift-Dir - straight line, f/p - killer bee
Aim: a killer bee (severely wounded, constricted by you, poisoned, 64% to hit)
You throw a poisoned dart. The poisoned dart hits the killer bee.
The killer bee looks even sicker.
The killer bee is severely wounded.
You constrict the killer bee.
You feel sick.
You kill the killer bee!
Unknown command.
Unknown command.
You start resting.
You feel sick. x2
You are no longer poisoned.
You start resting.
A killer bee comes into view.
There are monsters nearby!
Okay, then.
You aren't carrying any potions.
Things that are here:
a +0 hand axe; a +0 chain mail The killer bee buzzes angrily.
You hear an angry buzzing noise.
Okay, then.
No other quiver actions available for cycling.
No other quiver actions available for cycling.
You aren't carrying any potions.
Unknown command.
As you read the scroll labelled AMI HAWARGHOPN, it crumbles to dust.
Your body is wracked with pain!
* * * LOW HITPOINT WARNING * * *
The killer bee convulses! x2
The killer bee buzzes angrily.
It was a scroll of torment.
The killer bee stings you!
You die...

#### #.. #.# .# #@#
..# ########y# ..
#....y)..# ..
#...(..).# #.
####((#####.###. #.
#.....y.)..y.y..
##.###.##..#........#
...<.#.##..#.###.##.#
...()(y).........# .#


You could see 2 killer bees.

Vanquished Creatures
  Duvessa (D:5)
  2 water moccasins
  A black bear (D:5)
  2 ice beasts (D:5)
  A necrophage (D:6)
  A phantom (D:6)
  A scorpion (D:6)
  Dowan (D:5)
  A water moccasin zombie (D:5)
  A water moccasin skeleton (D:5)
  2 killer bees (D:7)
  A howler monkey (D:5)
  A gnoll shaman (D:4)
  An orc priest (D:7)
  3 hounds
  A jelly (D:6)
  A centaur skeleton (D:6)
  4 iguanas
  A hound skeleton (D:4)
  5 gnolls (D:4)
  5 adders
  An ufetubus (D:6)
  3 worms
  6 dart slugs
  13 orcs
  6 bats
  12 endoplasms
  3 giant cockroaches
  10 goblins
  7 hobgoblins
  7 jackals
  8 kobolds
  6 quokkas
  12 ball pythons
  7 frilled lizards
  A jackal skeleton (D:4)
  7 rats
146 creatures vanquished.

Vanquished Creatures (collateral kills)
  3 killer bees (D:7)
  An orc wizard (D:7)
4 creatures vanquished.

Grand Total: 150 creatures vanquished

Notes
Turn   | Place    | Note
-------+----------+-------------------------------------------
     0 | D:1      | comborobin the Octopode Brigand began the quest for the
                  | Orb.
     0 | D:1      | Reached XP level 1. HP: 14/14 MP: 1/1
   135 | D:1      | Reached XP level 2. HP: 19/19 MP: 2/2
   149 | D:1      | Found a faded altar of an unknown god.
   563 | D:1      | Reached XP level 3. HP: 25/25 MP: 3/3
  1187 | D:2      | Found Coll's Antique Armour Shop.
  1237 | D:2      | Reached XP level 4. HP: 26/30 MP: 4/4
  2012 | D:3      | Reached XP level 5. HP: 32/36 MP: 5/5
  2664 | D:4      | Reached XP level 6. HP: 42/42 MP: 6/6
  2736 | D:4      | Found Mutaeg's Distillery.
  2740 | D:4      | Bought a potion of lignification for 42 gold pieces
  3221 | D:4      | Found Wohimp's Assorted Antiques.
  3389 | D:4      | Found Kova's Antique Armour Shop.
  3605 | D:5      | Entered Level 5 of the Dungeon
  3641 | D:5      | Noticed a black bear
  3645 | D:5      | Killed a black bear
  3646 | D:5      | Reached XP level 7. HP: 48/48 MP: 7/7
  4547 | D:5      | Reached XP level 8. HP: 54/54 MP: 8/8
  4629 | D:5      | Noticed Dowan
  4631 | D:5      | Noticed Duvessa
  4634 | D:5      | Killed Duvessa
  4635 | D:5      | Reached skill level 5 in Fighting
  4635 | D:5      | Reached skill level 5 in Short Blades
  4639 | D:5      | Killed Dowan
  4640 | D:5      | Reached skill level 5 in Dodging
  4935 | D:6      | Found a stormy altar of Qazlal.
  5828 | D:7      | Reached XP level 9. HP: 16/61 MP: 9/9
  6019 | D:7      | Slain by a killer bee

Illustrated notes

Levels and vault maps discovered:
D:1:      giann_forest_graveyard, layout_basic, ebering_ecumenical_altar_box
D:2:      layout_basic, serial_shops,
          nicolae_shop_temple_entry_statues_fountains, minmay_divided_ellipse
D:3:      layout_basic, kennysheep_generic_room_15
D:4:      layout_basic, serial_shops, shop_statue, nicolae_shop_waterfront, shop
D:5:      layout_gridville, grunt_ministairs_14, uniq_duvessa
D:6:      layout_rooms, grunt_qazlal_sundering
D:7:      layout_loops_ring, minmay_temple_entry_steel_oval, serial_shops, shop,
          nicolae_shop_trees, shop, nicolae_take_the_stairs,
          corexii_hall_statues_x, uniq_joseph

Skill      XL: |  1  2  3  4  5  6  7  8  9 |
---------------+----------------------------+-----
Dodging        | 2 3 4 5 |  5.0
Stealth        | 6 7 8 |  8.0
Fighting       | 3 4 5 |  5.0
Short Blades   | 3 4 7 8 |  8.2
Throwing       | |  2.0

Action                   |  1- 3 |  4- 6 |  7- 9 || total
-------------------------+-------+-------+-------++-------
Melee: Dagger            |    22 |       |       ||    22
       Short sword       |    42 |   134 |    85 ||   261
       Constrict         |     7 |    27 |    11 ||    45
       Tentacles         |     4 |    19 |    14 ||    37
Throw: Dart              |       |     5 |    14 ||    19
  Use: Potion            |     2 |     1 |     7 ||    10
       Scroll            |     1 |     5 |     6 ||    12
 Stab: Sleeping          |    17 |    27 |     5 ||    49
       Distracted        |       |     2 |       ||     2
Armor: Skin              |     1 |     9 |     8 ||    18
Dodge: Dodged            |    25 |    68 |    45 ||   138
